 Dungeon Sprint DCSS version 0.30-a0-1094-g860fb061e7 (webtiles) character file.

Game seed: 6876598223711067184

644 Darkkill the Nimble (level 7, -3/65 HPs)
             Began as a Human Monk on Apr 17, 2023.
             Was a Priest of Nemelex Xobeh.
             Slain by a molten gargoyle
             ... wielding a +0 mace
              (11 damage)
             ... in the Dungeon (Sprint VII: "The Pits").
             The game lasted 00:02:40 (437 turns).

Darkkill the Nimble (Human Monk)                     Turns: 437, Time: 00:02:41

Health: -3/65      AC: 12    Str: 14    XL:     7   Next: 82%
Magic:  7/7        EV:  6    Int: 10    God:    Nemelex Xobeh [***...]
Gold:   0          SH:  0    Dex: 15    Spells: 6/6 levels left

rFire   . . .      SeeInvis .    k - +2 trident
rCold   . . .      Faith    .    d - orb {light}
rNeg    . . .      Spirit   .    a - +2 plate armour
rPois   .          Reflect  .    (no helmet)
rElec   .          Rampage  .    (no cloak)
rCorr   .          NoTele   +    (no gloves)
Will    .....                    (no boots) Stlth
                                 (no amulet)
HPRegen 0.30/turn                (no ring)
MPRegen 0.10/turn                (no ring)

@: glowing
A: no striking features
a: Renounce Religion, Draw Escape, Draw Destruction, Draw Summoning, Triple Draw


You were in the Dungeon.
You worshipped Nemelex Xobeh.
Nemelex Xobeh was most pleased with you.
You visited 1 branch

Inventory:

Hand Weapons
 k - a +2 trident (weapon)
 p - a +0 heavy trident
Missiles
 m - 10 stones (quivered)
Armour
 a - a +2 plate armour (worn)
 d - an orb of light (worn)
Scrolls
 j - a scroll of blinking
 n - 5 scrolls of amnesia
Potions
 c - a potion of ambrosia
 e - 6 potions of curing {@q1}
 f - a potion of heal wounds
 g - a potion of haste
 h - 4 potions of magic
 i - 3 potions of berserk rage
 l - 2 potions of invisibility


   Skills:
 + Level 9.7 Fighting
 + Level 9.7 Long Blades
 + Level 9.7 Dodging


You had 6 spell levels left.
You didn't know any spells.
Your spell library was empty.

Dungeon Overview and Level Annotations

Branches:
Dungeon (1/1)

Altars:
Ashenzari
Cheibriados
Dithmenos
Elyvilon
Fedhas
Gozag
Hepliaklqana
Kikubaaqudgha
Makhleb
Nemelex Xobeh
Okawaru
Qazlal
Ru
Sif Muna
Trog
Uskayaw
Vehumet
Wu Jian
Xom
Yredelemnul
Zin
The Shining One
Jiyva
Lugonu


Message History

A gnoll is wielding a +2 flail of holy wrath.
The gnoll sergeant shouts!
The gnoll shouts! x3
The quasit gives a chilling moan.
Your wind drake exhales a fierce blast of wind!
The gnoll sergeant is knocked back by the gust of wind.
The gnoll sergeant slams into the metal wall!
The gnoll sergeant is lightly wounded.
The gnoll is knocked back by the gust of wind.
The gnoll collides with the gnoll!
The gnoll is severely wounded.
The gnoll is moderately wounded.
You swap places.
You can now choose one out of three cards.
Your wind drake barely misses the gnoll.
The gnoll hits your wind drake with a +0 club.
There is an open door here.
You swap places.
Your wind drake flaps its wings at the gnoll.
The air twists around and strikes the gnoll.
The gnoll hits your wind drake with a +0 club.
Your molten gargoyle hits the gnoll with a +0 mace!
The gnoll dies!
Your wind drake flaps its wings at the gnoll sergeant.
The air twists around and strikes the gnoll sergeant!
You swap places.
The gnoll sergeant misses your wind drake.
Your wind drake closely misses the gnoll.
Your molten gargoyle hits the gnoll with a +0 mace!
The gnoll dies!
There is an open door here.
Things that are here:
a +0 club; a +0 robe You swap places.
The gnoll sergeant hits something from afar with a +0 spear!
Your molten gargoyle completely misses the quasit.
You see here a polar bear corpse.
You swap places.
The quasit barely misses your molten gargoyle.
The quasit claws your molten gargoyle but does no damage.
The quasit barely misses your molten gargoyle.
The gnoll sergeant barely misses your wind drake.
Your wind drake exhales a fierce blast of wind!
The gnoll sergeant is knocked back by the gust of wind.
The quasit is knocked back by the gust of wind.
The quasit collides with something!
You feel a bit more experienced.
The quasit is moderately wounded.
Your molten gargoyle blasts magma at the gnoll sergeant!
The bolt of magma hits the molten gargoyle!
The molten gargoyle partially resists.
The bolt of magma hits the quasit!!
The quasit partially resists.
The quasit dies!
There is an open door here.
Things that are here:
a +0 club; a +0 robe The molten gargoyle hits your molten gargoyle with a +0 mace.
Your molten gargoyle is engulfed in flames.
Your molten gargoyle completely resists.
Your molten gargoyle blasts magma at the molten gargoyle!
The bolt of magma hits the molten gargoyle!
The molten gargoyle partially resists.
You see here a polar bear corpse.
You swap places.
Your wind drake barely misses the molten gargoyle.
The molten gargoyle hits your molten gargoyle with a +0 mace!
Your molten gargoyle is engulfed in flames.
Your molten gargoyle completely resists.
Your molten gargoyle blasts magma at the molten gargoyle!
The bolt of magma hits the molten gargoyle!
The molten gargoyle partially resists.
Your wind drake bites the molten gargoyle but does no damage.
There is an open door here.
Things that are here:
a +0 club; a +0 robe You swap places.
The molten gargoyle hits something with a +0 mace!
Something is engulfed in flames!
Your molten gargoyle completely misses the molten gargoyle.
You see here a polar bear corpse.
You swap places.
Your wind drake flaps its wings at the gnoll sergeant.
The air twists around and strikes the gnoll sergeant!
The molten gargoyle blasts magma at your wind drake!
The bolt of magma hits your wind drake!!
Your wind drake dies!
Your wind drake's corpse disappears in a puff of smoke!
The gnoll sergeant hits your molten gargoyle from afar with a +0 spear.
Your molten gargoyle is destroyed!
Your molten gargoyle disappears in a puff of smoke!
The gnoll sergeant shouts!
There is an open door here.
Things that are here:
a +0 club; a +0 robe Your +0 hand axe disappears in a puff of smoke!
You see here a polar bear corpse.
You swap places.
The molten gargoyle hits you with a +0 mace!
* * * LOW HITPOINT WARNING * * *
You are engulfed in flames!
You die...
Your body disappears without additional glow.

#.#........##.......#
#)###########.......#
#.......# #########
#.###...# ####
#.#.....# ....#
#.#...#.#+#....#
#.....#.#.g.9..+
#)..###.#9#....#
#......h@ยง# ...#
########### ###


You could see a molten gargoyle, a gnoll sergeant (ally target) and a friendly
polar bear (summoned).

Vanquished Creatures
  An ogre (D)
  A necrophage (D)
  A gnoll bouda (D)
  An iguana (D)
  An orc (D)
  A bat (D)
  A bat zombie (D)
  2 endoplasms (D)
  A giant cockroach (D)
  A hobgoblin (D)
  A quokka (D)
  A frilled lizard (D)
  A quokka skeleton (D)
  A rat (D)
15 creatures vanquished.

Vanquished Creatures (collateral kills)
  A black mamba (D)
  A quasit (D)
  An iguana (D)
  An orc wizard (D)
  3 gnolls (D)
  An orc (D)
  A hobgoblin (D)
9 creatures vanquished.

Grand Total: 24 creatures vanquished

Notes
Turn   | Place    | Note
-------+----------+-------------------------------------------
     0 | D        | Darkkill the Human Monk began the quest for the Orb.
     0 | D        | Reached XP level 1. HP: 18/18 MP: 1/1
    84 | D        | Found a bloodstained altar of Trog.
    84 | D        | Found a shimmering blue altar of Sif Muna.
    84 | D        | Found a viscous altar of Jiyva.
    84 | D        | Found a hazy altar of Hepliaklqana.
    84 | D        | Found an opulent altar of Gozag.
    85 | D        | Found a glowing golden altar of the Shining One.
    85 | D        | Found a glowing silver altar of Zin.
    85 | D        | Found a basalt altar of Yredelemnul.
    85 | D        | Found a shimmering altar of Xom.
    85 | D        | Found an ornate altar of the Wu Jian Council.
    85 | D        | Found a sacrificial altar of Ru.
    85 | D        | Found a stormy altar of Qazlal.
    85 | D        | Found an iron altar of Okawaru.
    85 | D        | Found a sparkling altar of Nemelex Xobeh.
    85 | D        | Found a burning altar of Makhleb.
    85 | D        | Found a blossoming altar of Fedhas.
    85 | D        | Found a white marble altar of Elyvilon.
    85 | D        | Found a shadowy altar of Dithmenos.
    85 | D        | Found a snail-covered altar of Cheibriados.
    87 | D        | Found a radiant altar of Vehumet.
    87 | D        | Found a corrupted altar of Lugonu.
    89 | D        | Found an ancient bone altar of Kikubaaqudgha.
    89 | D        | Found a hide-covered altar of Uskayaw.
    89 | D        | Found a broken altar of Ashenzari.
    94 | D        | Became a worshipper of Nemelex Xobeh the Trickster
    94 | D        | Reached * piety under Nemelex Xobeh
    94 | D        | Received a gift from Nemelex Xobeh
    94 | D        | Reached ** piety under Nemelex Xobeh
   125 | D        | Reached XP level 2. HP: 20/24 MP: 2/2
   152 | D        | Noticed a necrophage
   166 | D        | Killed a necrophage
   167 | D        | Reached skill level 5 in Fighting
   167 | D        | Reached skill level 5 in Long Blades
   167 | D        | Reached skill level 5 in Dodging
   167 | D        | Reached XP level 3. HP: 30/33 MP: 3/3
   167 | D        | Reached XP level 4. HP: 36/39 MP: 4/4
   234 | D        | Noticed a centaur
   237 | D        | a centaur changed into a wolf
   237 | D        | Noticed a wolf
   238 | D        | a wolf changed into an iguana
   250 | D        | Noticed an ogre
   264 | D        | Reached XP level 5. HP: 16/46 MP: 5/5
   285 | D        | HP: 8/47 [ogre/+0 giant spiked club (15)]
   292 | D        | Killed an ogre
   293 | D        | Reached XP level 6. HP: 43/55 MP: 6/6
   409 | D        | Received a gift from Nemelex Xobeh
   409 | D        | Noticed a polar bear
   413 | D        | a polar bear changed into a black mamba
   413 | D        | Noticed a black mamba
   419 | D        | Killed a black mamba
   420 | D        | Reached XP level 7. HP: 18/64 MP: 7/7
   426 | D        | Noticed a molten gargoyle
   427 | D        | Reached *** piety under Nemelex Xobeh
   437 | D        | HP: 8/65 [molten gargoyle/+0 mace (16)]
   437 | D        | Slain by a molten gargoyle

Illustrated notes

Levels and vault maps discovered:
D:        pitsprint [storerooms_1, entrance_room_1, metal_vault_2, armoury_2,
          mini_pit_1, grid_room_1, main_hall_1, silver_pit, the_coven_1,
          the_vestibule_1, steel_vault_5, golden_pit, hallway_of_sentries,
          crystal_vault_2, iron_vault_3, final_vault]

Skill      XL: |  1  2  3  4  5  6 |
---------------+-------------------+-----
Fighting       | 5 6 7 9 |  9.7
Long Blades    | 5 6 7 9 |  9.7
Dodging        | 5 6 7 9 |  9.7

Action                     |  1- 3 |  4- 6 |  7- 9 || total
---------------------------+-------+-------+-------++-------
  Melee: Falchion          |     5 |       |       ||     5
         Trident           |    20 |    23 |       ||    43
 Invoke: Draw Destruction  |       |     6 |       ||     6
         Draw Summoning    |       |     3 |       ||     3
    Use: Potion            |       |     5 |       ||     5
         Scroll            |       |     1 |       ||     1
 Armour: Robe              |     5 |       |       ||     5
         Plate armour      |       |    16 |       ||    16
  Dodge: Dodged            |    19 |     7 |       ||    26

Table legend: (Time is in decaauts)
 A = Elapsed time spent in this place.
 B = Non-inter-level travel time spent in this place.
 C = Inter-level travel time spent in this place.
 D = Time resting spent in this place.
 E = Time spent auto-exploring this place.
 F = Levels seen in this place.
 G = Mean time per level.
                   A        B        C        D        E       F      G
               +--------+--------+--------+--------+--------+-----+--------+
         Total |    449 |    427 |     22 |     92 |      0 |   1 |  449.0 |
       Dungeon |    449 |    427 |     22 |     92 |      0 |   1 |  449.0 |
               +--------+--------+--------+--------+--------+-----+--------+

Top non-repeatable levels by time:
       D: 449 daAuts

Table legend:
 A = Kills in this place as a percentage of kills in the entire game.
 B = Kills by you in this place as a percentage of kills by you in the entire game.
 C = Kills by friends in this place as a percentage of kills by friends in the entire game.
 D = Other kills in this place as a percentage of other kills in the entire game.
 E = Experience gained in this place as a percentage of experience gained in the entire game.
 F = Experience gained in this place divided by the number of levels of this place that you have seen.
                   A       B       C       D       E      F
               +-------+-------+-------+-------+-------+----------------------
         Total | 100.0 | 100.0 | 100.0 |   N/A | 100.0 | 921.0
       Dungeon | 100.0 | 100.0 | 100.0 |   N/A | 100.0 | 921.0
               +-------+-------+-------+-------+-------+----------------------
